 Dungeon Crawl Stone Soup version 0.30-a0-121-gb27577e5d9 (webtiles) character file.

Game seed: 5492717920189298065

115 ragingrage the Sneak (level 5, -4/30 HPs)
             Began as a Kobold Brigand on Sept 14, 2022.
             Slain by Grinder (8 damage)
             ... on level 3 of the Dungeon.
             The game lasted 00:02:54 (3199 turns).

ragingrage the Sneak (Kobold Brigand)               Turns: 3199, Time: 00:02:55

Health: -4/30      AC:  3    Str:  8    XL:     5   Next: 20%
Magic:  5/5        EV: 14    Int: 13    God:
Gold:   161        SH:  0    Dex: 18    Spells: 4/4 levels left

rFire   . . .      SeeInvis .    y - +1 dagger (venom)
rCold   . . .      Faith    .    (no shield)
rNeg    . . .      Spirit   .    b - +0 robe
rPois   .          Reflect  .    (no helmet)
rElec   .          Harm     .    a - +0 cloak
rCorr   .          Rampage  .    (no gloves)
Will    ++...                    (no boots)
Stlth   +++++.....               s - amulet of the acrobat
HPRegen 0.10/turn                r - ring of willpower
MPRegen 0.09/turn                t - ring of willpower

@: brilliant, attractive
A: small, no large weapons, nightstalker 3
a: no special abilities


You were on level 3 of the Dungeon.
You visited 1 branch of the dungeon, and saw 3 of its levels.

You collected 161 gold pieces.

Inventory:

Hand Weapons
 y - a +1 dagger of venom (weapon)
Missiles
 d - 9 poisoned darts
 e - 2 curare-tipped darts (quivered)
Armour
 a - a +0 cloak (worn)
 b - a +0 robe (worn)
Jewellery
 r - a ring of willpower (left hand)
 s - an amulet of the acrobat (around neck)
 t - a ring of willpower (right hand)
Scrolls
 f - 4 scrolls of identify {unknown}
 i - a scroll of teleportation {unknown}
 k - a scroll of immolation {unknown}
 l - 2 scrolls of magic mapping {unknown}
 m - 2 scrolls of noise {unknown}
 w - a scroll of summoning {unknown}
 x - 2 scrolls of fear {unknown}
Potions
 h - a potion of heal wounds {unknown}
 j - a potion of flight {unknown}
 n - a potion of might {unknown}
 q - a potion of ambrosia {unknown}
 u - a potion of haste {unknown}
 z - a potion of mutation {unknown}


   Skills:
 - Level 2.1 Fighting
 + Level 4.3 Short Blades
 - Level 2.1 Throwing
 - Level 1.2 Dodging
 * Level 7.6 Stealth


You had 4 spell levels left.
You didn't know any spells.
Your spell library contained the following spells:

 Spells                   Type           Power      Damage    Failure   Level
 Ignite Poison            Fire/Tmut/Pois 0%         N/A       67%         3
 Sticky Flame             Conj/Fire      0%         2d3       97%         4


Dungeon Overview and Level Annotations

Branches:
Dungeon (3/15)

Altars:
Xom

Annotations:
D:3 Grinder


Innate Abilities, Weirdness & Mutations

You are small and have problems with some larger weapons.
You are completely attuned to the shadows.


Message History

You hit Grinder but do no damage.
Grinder is lightly wounded.
Grinder gestures at you. You resist with almost no effort.
You closely miss Grinder.
Grinder is lightly wounded.
Grinder blinks!
Grinder blinks!
Grinder says, "Tell me all your secrets, or I'll kill you."
Grinder hits you.
You writhe in agony.
You barely miss Grinder.
Grinder is moderately wounded.
Grinder hits you but does no damage.
You hit Grinder.
Grinder is moderately wounded.
Grinder drinks a potion.
Grinder is healed!
Grinder looks more healthy.
You hit Grinder.
Grinder is moderately wounded.
You hit Grinder but do no damage.
Grinder is moderately wounded.
Grinder hits you.
* * * LOW HITPOINT WARNING * * *
You writhe in agony.
* * * LOW HITPOINT WARNING * * *
You hit Grinder.
Grinder is moderately wounded.
Grinder barely misses you.
You feel better. Grinder barely misses you.
Unknown command.
It was a potion of attraction.
You feel attractive to monsters.
Grinder says, "Don't move a muscle."
Grinder hits you.
* * * LOW HITPOINT WARNING * * *
You writhe in agony.
* * * LOW HITPOINT WARNING * * *
It was a potion of brilliance.
You feel clever all of a sudden. Grinder hits you!
You die...

..........# #...## #......
...)####### ###5.###......
....##### #######....5.##.
........# #.....######.#
#...)...# #.....# #.# #.......#
#.....# #.##.#
#.......###.....######5.#.#
#....................##.#.# .#...
#...............@5...##.#.# ....
#....................##..)# #...
####.................###..####...
#########.##......# ##.5.###..
##### #)####..### #....)...
#...#####.##....# ######...
#......##.##<...# ....
#.<.._..#.......# ....#
####....###..#..# ####.#


You could see Grinder.

Vanquished Creatures
  Crazy Yiuf (D:3)
  4 adders
  2 dart slugs (D:2)
  3 orcs (D:3)
  4 ball pythons
  An endoplasm (D:1)
  A giant cockroach (D:3)
  7 hobgoblins
  2 quokkas (D:2)
  5 bats
  A frilled lizard (D:2)
  4 goblins
  5 kobolds
  6 rats
46 creatures vanquished.

Notes
Turn   | Place    | Note
-------+----------+-------------------------------------------
     0 | D:1      | ragingrage the Kobold Brigand began the quest for the Orb.
     0 | D:1      | Reached XP level 1. HP: 12/12 MP: 1/1
   157 | D:1      | Found a faded altar of an unknown god.
   325 | D:1      | Reached XP level 2. HP: 17/17 MP: 2/2
   960 | D:1      | Reached skill level 6 in Stealth
  1130 | D:2      | Reached XP level 3. HP: 18/21 MP: 3/3
  1885 | D:2      | Reached XP level 4. HP: 25/26 MP: 4/4
  2039 | D:2      | Reached skill level 7 in Stealth
  2293 | D:3      | Found a runed translucent door.
  2296 | D:3      | Noticed Crazy Yiuf
  2374 | D:3      | Found a shimmering altar of Xom.
  2712 | D:3      | Noticed an ice beast
  2734 | D:3      | Noticed Grinder
  2938 | D:3      | Killed Crazy Yiuf
  2939 | D:3      | Reached XP level 5. HP: 10/30 MP: 5/5
  3199 | D:3      | Slain by Grinder

Illustrated notes

Levels and vault maps discovered:
D:1:      amcnicky_arrival_double_pillar, layout_basic,
          dreamdust_ecumenical_altar_angels_and_demons, chequers_big_river,
          minmay_octomino_j4
D:2:      layout_loops_ring, grunt_ministairs_6
D:3:      layout_basic, brannock_xom_greatest_gift, uniq_grinder,
          uniq_crazy_yiuf_cottage

Skill      XL: |  1  2  3  4 |
---------------+-------------+-----
Short Blades   | 3 4 |  4.3
Stealth        | 6 7 |  7.6
Fighting       | |  2.1
Throwing       | |  2.1
Dodging        | |  1.2

Action                   |  1- 3 |  4- 6 || total
-------------------------+-------+-------++-------
Melee: Dagger            |    83 |    66 ||   149
       Punch             |       |     1 ||     1
Throw: Dart              |       |     1 ||     1
  Use: Potion            |       |     3 ||     3
 Stab: Sleeping          |    13 |     3 ||    16
       Distracted        |       |     1 ||     1
Armor: Robe              |    19 |     6 ||    25
Dodge: Dodged            |    57 |    30 ||    87

Table legend: (Time is in decaauts)
 A = Elapsed time spent in this place.
 B = Non-inter-level travel time spent in this place.
 C = Inter-level travel time spent in this place.
 D = Time resting spent in this place.
 E = Time spent auto-exploring this place.
 F = Levels seen in this place.
 G = Mean time per level.
                   A        B        C        D        E       F      G
               +--------+--------+--------+--------+--------+-----+--------+
         Total |   3179 |   3057 |    122 |    614 |   1983 |   3 | 1059.7 |
       Dungeon |   3179 |   3057 |    122 |    614 |   1983 |   3 | 1059.7 |
               +--------+--------+--------+--------+--------+-----+--------+

Top non-repeatable levels by time:
     D:1: 1296 daAuts
     D:2: 1039 daAuts
     D:3: 843 daAuts
